 Dungeon Crawl Stone Soup version 0.18-a0-1303-g41c131c (webtiles) character file.

5389 Gagarin the Destroyer (level 10, -10/62 HPs)
             Began as a High Elf Conjurer on Feb 12, 2016.
             Was an Initiate of Sif Muna.
             Mangled by a komodo dragon (24 damage)
             ... on level 9 of the Dungeon.
             The game lasted 00:39:28 (12042 turns).

Gagarin the Destroyer (High Elf Conjurer)          Turns: 12042, Time: 00:39:28

Health: -10/62     AC:  6    Str:  8    XL:     10   Next: 39%
Magic:  11/23      EV: 22    Int: 20    God:    Sif Muna [......]
Gold:   295        SH:  0    Dex: 23    Spells: 6 memorised, 6 levels left

rFire  + . .     SeeInvis +     i - +8 hand axe "Numem" {freeze, SInv}
rCold  . . .     Gourm    .     a - +0 robe
rNeg   . . .     Faith    .     (no shield)
rPois  .         Spirit   .     R - +0 helmet
rElec  .         Dismiss  .     (no cloak)
rCorr  .         Reflect  .     S - +2 pair of gloves
SustAt .         Harm     .     (no boots)
MR     +....                    (no amulet)
Stlth  +++.......               u - ring of protection from fire
                                I - +5 ring of dexterity

@: somewhat resistant to hostile enchantments, fairly stealthy
A: no striking features
a: Renounce Religion


You were on level 9 of the Dungeon.
You worshipped Sif Muna.
Sif Muna was noncommittal.
You were not hungry.

You visited 2 branches of the dungeon, and saw 10 of its levels.
You also visited: Sewer.

You collected 495 gold pieces.
You spent 200 gold pieces at shops.

Inventory:

Hand Weapons
 g - a +3 dagger of flaming
 i - the +8 hand axe "Numem" (weapon) {freeze, SInv}
   (You found it on level 8 of the Dungeon)

   It has been specially enchanted to freeze those struck by it, causing extra
   injury to most foes and up to half again as much damage against particularly
   susceptible opponents.
   It can also slow down cold-blooded creatures.
   It lets you see invisible.
 K - a +2 short sword of freezing
 T - a +1 shortbow of velocity
 W - a +2 scimitar of flaming
Missiles
 F - 2 exploding tomahawks (quivered)
 X - 42 arrows
Armour
 a - a +0 robe (worn)
 R - a +0 helmet (worn)
 S - a +2 pair of gloves (worn)
Magical Staves
 v - an uncursed staff of death
Jewellery
 q - a +1 ring of slaying
 u - a ring of protection from fire (right hand)
 I - a +5 ring of dexterity (left hand)
 N - an uncursed amulet of rage
 P - an uncursed ring of resist corrosion
 Q - an uncursed ring of see invisible
Wands
 e - a wand of disintegration (9/24)
 L - a wand of iceblast (2/15)
Scrolls
 d - 7 scrolls of teleportation
 f - a scroll of recharging
 h - 2 scrolls of immolation
 n - 8 scrolls of identify
 o - 4 scrolls of amnesia
 r - 3 scrolls of fear
 s - a scroll of fog
 w - 2 scrolls of noise {unknown}
 y - a scroll of magic mapping {unknown}
 A - a scroll of blinking {unknown}
 C - 2 scrolls of enchant armour {unknown}
 M - 3 scrolls of remove curse
 O - a scroll of enchant weapon {unknown}
 V - 2 scrolls of random uselessness {unknown}
Potions
 k - a potion of heal wounds {unknown}
 l - a potion of magic {unknown}
 m - 2 potions of brilliance {unknown}
 t - a potion of lignification {unknown}
 x - a potion of invisibility {unknown}
 B - a potion of haste {unknown}
 D - 2 potions of mutation {unknown}
 H - 2 potions of flight {unknown}
 J - 2 potions of curing
 U - a potion of might {unknown}
Books
 b - a book of Conjurations

   Spells                             Type                      Level
   a - Magic Dart                     Conjuration                  1
   b - Searing Ray                    Conjuration                  2
   c - Dazzling Spray                 Conjuration/Hexes            3
   d - Fulminant Prism                Conjuration/Hexes            4
   e - Iskenderun's Mystic Blast      Conjuration                  4
   f - Iskenderun's Battlesphere      Conjuration/Charms           5
Miscellaneous
 G - a crystal ball of energy
Comestibles
 c - 9 bread rations
 j - 5 meat rations
 p - 13 fruits
 z - 4 slices of pizza
 E - a royal jelly


   Skills:
 + Level 2.8 Fighting
 + Level 0.2 Short Blades
 + Level 0.6 Throwing
 + Level 9.6 Dodging
 + Level 4.5 Stealth
 + Level 8.4 Spellcasting
 + Level 10.1 Conjurations
 + Level 2.9 Hexes
 * Level 0.5 Charms
 - Level 3.0 Evocations


You had 6 spell levels left.
You knew the following spells:

 Your Spells              Type           Power        Failure   Level  Hunger
a - Magic Dart            Conj           ####         1%          1    None
b - Searing Ray           Conj           #####.       1%          2    None
c - Dazzling Spray        Conj/Hex       ####....     1%          3    None
d - Iskenderun's Mystic   Conj           #####...     1%          4    ###....
e - Fulminant Prism       Conj/Hex       ####......   8%          4    ###....
f - Iskenderun's Battles  Conj/Chrm      ####....     30%         5    #####..


Dungeon Overview and Level Annotations

Branches:
Dungeon (9/15)             Temple (1/1) D:5            Lair (0/8) D:9
    Orc: D:9-12

Altars:
Ashenzari
Cheibriados
Dithmenos
Elyvilon
Fedhas
Gozag
Kikubaaqudgha
Makhleb
Nemelex Xobeh
Okawaru
Pakellas
Qazlal
Ru
Sif Muna
Trog
Vehumet
Xom
Zin
The Shining One

Shops:
D:5 }   D:8 *


Message History

The komodo dragon is moderately wounded.
The searing ray misses the komodo dragon.
The komodo dragon completely misses you.
The searing ray hits the komodo dragon.
The komodo dragon is severely wounded.
The komodo dragon bites you!!
Ouch! That really hurt!
Casting: Searing Ray
Confirm with . or Enter, or press ? or * to list all spells.
Aiming: Searing Ray
Press: ? - help, Shift-Dir - straight line, f/p - komodo dragon
Aim: a komodo dragon (severely wounded)
The searing ray hits the komodo dragon.
The komodo dragon is almost dead.
The komodo dragon bites you!
* * * LOW HITPOINT WARNING * * *
The searing ray hits the komodo dragon.
The komodo dragon is almost dead.
The komodo dragon bites you!!
You die...

######..######
######
#...........###
#.####........# ...
#.# #..###.#.# #..
#.# #..###.#.# #..
#.# #......l.# #..
#.####.####[..# #
#.. # #......#
#...######.####.. #
#.######
#....l@..........##
# #.#
#.#.###.#######...#
# #.#########.#.#
#.# ###.# #
#...........#.# #.#
#.# #
###..<......).# #.#
###.#####
#.###########
#.#######........
#.#
#>........#.#####
#.# #########.#.#
#.# #.#.#


You could see a komodo dragon.

Vanquished Creatures
  Erica (D:9)
  A two-headed ogre (D:8)
  4 hippogriffs
  An ice beast (D:7)
  5 orc warriors
  A sky beast (D:5)
  2 ogres
  7 centaurs
  5 giant frogs
  2 big kobolds
  2 scorpions
  15 killer bees
  4 wights (D:8)
  5 crimson imps
  3 giant frog zombies
  2 jellies
  5 orc priests
  2 hounds
  7 orc wizards
  4 iguanas
  6 worker ants
  A hound skeleton (D:8)
  2 worker ant zombies
  A gnoll (D:4)
  5 adders
  3 river rats
  2 adder skeletons
  4 worms
  5 giant geckos
  28 orcs
  8 bats
  5 giant cockroaches
  4 hobgoblins
  14 jackals
  5 quokkas
  3 ball pythons (D:5)
  5 giant newts
  14 goblins
  17 kobolds
  8 rats
218 creatures vanquished.

Notes
Turn   | Place    | Note
--------------------------------------------------------------
     0 | D:1      | Gagarin the High Elf Conjurer began the quest for the Orb.
     0 | D:1      | Reached XP level 1. HP: 11/11 MP: 4/4
   404 | D:1      | Reached XP level 2. HP: 17/17 MP: 3/6
   506 | D:1      | Reached skill level 5 in Conjurations
   515 | D:1      | Learned a level 2 spell: Searing Ray
   804 | D:1      | Reached XP level 3. HP: 6/22 MP: 0/7
  1687 | D:2      | Noticed an ogre
  1705 | D:2      | Killed an ogre
  1705 | D:2      | Reached skill level 1 in Fighting
  1705 | D:2      | Reached XP level 4. HP: 26/28 MP: 2/9
  1782 | D:2      | Reached XP level 5. HP: 25/33 MP: 1/10
  2172 | D:2      | Reached skill level 6 in Conjurations
  2183 | D:2      | Learned a level 3 spell: Dazzling Spray
  2443 | D:3      | Found a shimmering altar of Xom.
  3379 | D:4      | Reached XP level 6. HP: 21/38 MP: 0/12
  3868 | D:4      | Found a glowing golden altar of the Shining One.
  3868 | D:4      | Found a burning altar of Makhleb.
  3868 | D:4      | Found a sacrificial altar of Ru.
  4475 | D:5      | Entered Level 5 of the Dungeon
  4487 | D:5      | Found Tadiate's Gadget Shop.
  4495 | D:5      | Bought a crystal ball of energy for 200 gold pieces
  4685 | D:5      | Found a staircase to the Ecumenical Temple.
  4722 | D:5      | Found a glowing drain.
  4802 | D:5      | Reached skill level 7 in Conjurations
  4812 | D:5      | Reached XP level 7. HP: 24/43 MP: 1/14
  4830 | D:5      | Reached skill level 1 in Evocations
  4852 | Sewer    | Entered a sewer
  5117 | Sewer    | Found a glowing silver altar of Zin.
  5436 | D:5      | Noticed a hippogriff
  5444 | D:5      | Killed a hippogriff
  5444 | D:5      | Reached skill level 5 in Spellcasting
  5825 | D:6      | Learned a level 4 spell: Iskenderun's Mystic Blast
  5845 | D:6      | Reached skill level 5 in Dodging
  6021 | D:6      | Reached XP level 8. HP: 48/48 MP: 10/16
  7010 | D:6      | Reached skill level 8 in Conjurations
  7772 | D:7      | Reached skill level 1 in Hexes
  7772 | D:7      | Reached XP level 9. HP: 18/54 MP: 9/19
  8484 | D:7      | Found a glowing silver altar of Zin.
  8484 | D:7      | Noticed an angel
  9185 | D:8      | Got a polished hand axe
  9349 | D:8      | Identified the +8 hand axe "Numem" {freeze, SInv} (You found it on level 8 of the Dungeon)
  9370 | D:8      | Reached skill level 9 in Conjurations
 10445 | D:8      | Learned a level 4 spell: Fulminant Prism
 10495 | D:8      | Found a radiant altar of Vehumet.
 10690 | D:8      | Reached XP level 10. HP: 61/61 MP: 14/22
 10765 | D:8      | Found Loikh's Elemental Accessories.
 10974 | D:9      | Found an opulent altar of Gozag.
 11017 | D:9      | Noticed Erica
 11039 | D:9      | Killed Erica
 11303 | D:9      | Found a staircase to the Lair.
 11340 | D:9      | Reached skill level 10 in Conjurations
 11496 | Temple   | Entered the Ecumenical Temple
 11564 | Temple   | Became a worshipper of Sif Muna the Loreminder
 11685 | D:9      | Learned a level 5 spell: Iskenderun's Battlesphere
 12042 | D:9      | Mangled by a komodo dragon

Vault maps used:
D:1:      minmay_arrival_stone_box, minmay_bisected
D:2:      first_bread
D:3:      tgw_xom, kennysheep_generic_room_5
D:4:      kennysheep_big_flooded_room, gammafunk_temple_overflow_claw
D:5:      temple_doors_e, serial_shops, nicolae_shop_crystal,
          portal_sewer_entry_c
D:7:      zin_angel
D:8:      kennysheep_mini_moat, nicolae_elemental_shop
D:9:      nicolae_gozag_seed_capital, lemuel_zombie_altar_yredelemnul,
          lair_0_dummy, uniq_erica
Temple:   circular_temple_12
Sewer:    sewer_kobolds

Action                   |  1- 3 |  4- 6 |  7- 9 | 10-12 || total
-------------------------+-------+-------+-------+-------++-------
Melee: Short sword       |     6 |       |       |       ||     6
       Dagger            |    19 |    19 |    35 |       ||    73
       Hand axe          |       |       |    17 |     7 ||    24
Throw: Tomahawk          |       |       |     2 |       ||     2
 Cast: Magic Dart        |    61 |   112 |   190 |    18 ||   381
       Searing Ray       |     4 |     9 |    33 |    16 ||    62
       Dazzling Spray    |       |       |    34 |    16 ||    50
       Iskenderun's Myst |       |       |     1 |       ||     1
Evoke: Crystal ball of e |       |       |     3 |       ||     3
  Use: Potion            |     1 |     1 |     4 |       ||     6
       Scroll            |       |       |    10 |       ||    10
 Stab: Invisible         |       |       |     1 |     2 ||     3
       Sleeping          |       |       |       |     1 ||     1
  Eat: Chunk             |     3 |     9 |    19 |     4 ||    35
